[Event "ICC tourney 1954 (60 10)"]
[Site "Internet Chess Club"]
[Date "2020.08.09"]
[Round "9"]
[White "Metaworldchess"]
[Black "BabyFelix"]
[Result "0-1"]
[ICCResult "White resigns"]
[WhiteElo "1319"]
[BlackElo "1135"]
[Opening "Scotch game"]
[ECO "C45"]
[NIC "SO.04"]
[Time "18:49:15"]
[TimeControl "3600+10"]

1. e4 e5 2. Nf3 Nc6 3. d4 exd4 4. Nxd4 d5 5. Bb5 Ne7 6. exd5 Qxd5 7. Nxc6
Qxd1+ 8. Kxd1 Nxc6 9. Re1+ Be6 10. Bxc6+ bxc6 11. Be3 O-O-O+ 12. Nd2 Bd6 13.
Bxa7 c5 14. b4 cxb4 15. Kc1 Bd5 16. g3 c5 17. Nb3 Bxb3 18. axb3 Kb7 19. Rd1
Be5 20. Rxd8 Rxd8 21. Ra5 Bc7 22. Rxc5 Rd7 23. Rxc7+ Rxc7 24. Be3 Kc6 25. h4
Kd5 26. Kb2 Ke4 27. Bb6 Rb7 28. Be3 h5 29. Kc1 Kf3 30. Kb2 Rc7 31. Bb6 Rc6
32. Be3 f6 33. Kb1 Kg4 34. Bd2 g5 35. Bxb4 gxh4 36. gxh4 Kxh4 37. Kb2 Kg4
38. f3+ Kxf3 39. Be1 Kg4 40. b4 h4 41. b5 Rb6 42. c4 h3 43. Bf2 Rxb5+ 44.
cxb5 h2 45. b6 h1=Q {White resigns} 0-1

[Event "ICC tourney 1954 (60 10)"]
[Site "Internet Chess Club"]
[Date "2020.08.09"]
[Round "9"]
[White "NJLandshark"]
[Black "aslan777"]
[Result "1-0"]
[ICCResult "Black resigns"]
[WhiteElo "1256"]
[BlackElo "488"]
[Opening "English: closed system"]
[ECO "A25"]
[NIC "EO.20"]
[Time "18:49:29"]
[TimeControl "3600+10"]

1. c4 e5 2. Nc3 Nc6 3. g3 g6 4. Bg2 Bg7 5. e3 Nge7 6. Nge2 O-O 7. O-O d6 8.
d3 Be6 9. Rb1 a5 10. a3 Rb8 11. Bd2 f5 12. f4 exf4 13. Nxf4 Bf7 14. b4 axb4
15. axb4 Ne5 16. Ncd5 Nxd5 17. Bxd5 Bxd5 18. cxd5 g5 19. Ne6 Qf6 20. Nxf8
Rxf8 21. Bc3 Qf7 22. Bxe5 dxe5 23. e4 f4 24. g4 f3 25. Rb2 Qf4 26. Rg2 Qe3+
27. Rgf2 Rf4 28. h3 h5 29. Kh2 hxg4 30. hxg4 Rxg4 31. Qxf3 Rh4+ 32. Kg1 Qd4
33. Qf7+ Kh7 34. Qf5+ Kh6 35. Kg2 Qxd3 36. Rf3 Qd4 37. Rh3 Qxb4 38. Rxh4+
gxh4 39. Kh3 Qb2 40. Rf2 Qc1 41. Rf1 Qd2 42. Qf2 Qd3+ 43. Qf3 Qd2 44. Rf2
Qg5 45. Qg4 Qe3+ 46. Rf3 Qg5 47. Qxh4+ Qxh4+ 48. Kxh4 Kh7 49. Kg5 Bh6+ 50.
Kf6 Bf4 51. Ke6 b5 52. Kd7 b4 53. Kxc7 Kg6 54. d6 {Black resigns} 1-0

[Event "ICC tourney 1954 (60 10)"]
[Site "Internet Chess Club"]
[Date "2020.08.09"]
[Round "9"]
[White "Austin513"]
[Black "shravanr"]
[Result "1-0"]
[ICCResult "Black resigns"]
[WhiteElo "1124"]
[BlackElo "1345"]
[Opening "Giuoco Piano"]
[ECO "C53"]
[NIC "IG.02"]
[Time "18:49:19"]
[TimeControl "3600+10"]

1. e4 e5 2. Nf3 Nc6 3. Bc4 Bc5 4. c3 d6 5. d4 Bb6 6. dxe5 Nxe5 7. Nxe5 dxe5
8. Qxd8+ Kxd8 9. Bxf7 Nf6 10. Nd2 Bd7 11. O-O Ke7 12. Bb3 Rhe8 13. Nc4 Nxe4
14. Nxb6 axb6 15. Re1 Nd6 16. Rxe5+ Kf8 17. Rxe8+ Rxe8 18. Be3 Ne4 19. h3
Bf5 20. Rd1 Be6 21. Bxe6 Rxe6 22. Rd8+ Ke7 23. Rb8 Nd6 24. Kf1 Kf7 25. Bf4
Ke7 26. Bxd6+ Rxd6 27. Rxb7 Kd7 28. Ke2 Kc6 29. Rb8 Re6+ 30. Kf1 Rd6 31. Ke2
Re6+ 32. Kd2 Rd6+ 33. Kc2 Rf6 34. f3 Rg6 35. g4 Rh6 36. a4 Rxh3 37. Rf8 Rh2+
38. Kb3 Rh3 39. Rf7 g6 40. Kc4 Kb7 41. b4 Rh2 42. a5 bxa5 43. bxa5 Ra2 44.
Rxh7 Rxa5 45. Rg7 Ra6 46. Kd5 Rf6 47. Ke4 Kc6 48. c4 Re6+ 49. Kf4 Rf6+ 50.
Kg3 Kd6 51. c5+ Kxc5 52. Rxc7+ Kd6 53. Ra7 Ke5 54. Ra5+ Kd4 55. f4 Ke4 56.
Re5+ Kd3 57. f5 g5 58. Re6 Rf8 59. Rg6 Rc8 60. Rxg5 Rf8 61. Kh4 Ke4 62. Kg3
Ke3 63. Rg6 {Black resigns} 1-0

[Event "ICC tourney 1954 (60 10)"]
[Site "Internet Chess Club"]
[Date "2020.08.09"]
[Round "9"]
[White "nonowho"]
[Black "gsgirl"]
[Result "0-1"]
[ICCResult "White resigns"]
[WhiteElo "1305"]
[BlackElo "981"]
[Opening "Scandinavian: Pytel-Wade variation"]
[ECO "B01"]
[NIC "SD.02"]
[Time "18:49:15"]
[TimeControl "3600+10"]

1. e4 d5 2. exd5 Qxd5 3. Nc3 Qd6 4. g3 Nf6 5. Bg2 c6 6. Nf3 Bg4 7. d4 e6 8.
Qd3 Qc7 9. O-O Bd6 10. Bd2 Nbd7 11. Ne2 O-O-O 12. c4 e5 13. dxe5 Nxe5 14.
Qb3 Nxf3+ 15. Bxf3 Bxg3 16. hxg3 Rxd2 17. Rfe1 Rhd8 18. Qc3 Kb8 19. Bxg4
Nxg4 20. Qxg7 Ne5 21. Kf1 Nf3 22. Rec1 Nh2+ 23. Kg2 Rxe2 24. Rd1 Rdd2 25.
Rxd2 Rxd2 26. Qxh7 Ng4 27. Qg8+ Qc8 {White resigns} 0-1

[Event "ICC tourney 1954 (60 10)"]
[Site "Internet Chess Club"]
[Date "2020.08.09"]
[Round "9"]
[White "Jesserocks135"]
[Black "AnandVinod"]
[Result "0-1"]
[ICCResult "White checkmated"]
[WhiteElo "1251"]
[BlackElo "1340"]
[Opening "Nimzo-Indian: Leningrad variation"]
[ECO "D38"]
[NIC "NI.25"]
[Time "18:48:34"]
[TimeControl "3600+10"]

1. d4 Nf6 2. c4 e6 3. Nc3 Bb4 4. Bg5 d5 5. Nf3 O-O 6. e3 h6 7. Bh4 c6 8. Bd3
Nbd7 9. O-O Qc7 10. Ne2 Re8 11. Bxf6 Nxf6 12. c5 Ba5 13. a3 Qe7 14. b4 Bc7
15. Ng3 e5 16. dxe5 Bxe5 17. Nxe5 Qxe5 18. Qd2 h5 19. Rae1 Ne4 20. Bxe4 dxe4
21. f4 exf3 22. Rxf3 Bg4 23. Rff1 Rad8 24. Qf2 f6 25. h3 Be6 26. Qf3 Bd5 27.
e4 Bc4 28. Rf2 Rd3 29. Re3 Rxe3 30. Qxe3 h4 31. Nf5 Qxe4 32. Qxe4 Rxe4 33.
Nd6 Re1+ 34. Kh2 Bd5 35. Nxb7 Re3 36. a4 Rb3 37. Rf4 Rb2 38. Rg4 f5 39. Rg5
Rxb4 40. Nd6 Be4 41. a5 Ra4 42. Nb7 Kf7 43. Kg1 Kf6 44. Rh5 Ra1+ 45. Kf2
Ra2+ 46. Ke3 Bxg2 47. Rxh4 Ra3+ 48. Kf4 g5# {White checkmated} 0-1

[Event "ICC tourney 1954 (60 10)"]
[Site "Internet Chess Club"]
[Date "2020.08.09"]
[Round "9"]
[White "auggie29"]
[Black "bryantan2010"]
[Result "1-0"]
[ICCResult "Black checkmated"]
[WhiteElo "1064"]
[BlackElo "1181"]
[Opening "Réti opening"]
[ECO "A09"]
[NIC "QP.09"]
[Time "18:49:29"]
[TimeControl "3600+10"]

1. Nf3 d5 2. c4 Nf6 3. e3 Bf5 4. d4 e6 5. Be2 c6 6. O-O Nbd7 7. Nc3 Bb4 8.
a4 Bxc3 9. bxc3 O-O 10. Bd3 Bxd3 11. Qxd3 Re8 12. cxd5 cxd5 13. Bd2 Nb6 14.
Ne5 Rc8 15. a5 Nc4 16. Nxc4 Rxc4 17. f3 Rc8 18. e4 e5 19. Bg5 dxe4 20. fxe4
Re6 21. d5 Rd6 22. Rae1 b6 23. Qg3 Qe7 24. Bxf6 Rxf6 25. Rxf6 Qxf6 26. Rf1
Qe7 27. axb6 axb6 28. h3 Qc5+ 29. Kh1 Qxc3 30. Qxc3 Rxc3 31. Rb1 Kf8 32.
Rxb6 Rc4 33. d6 Rxe4 34. Rb8# {Black checkmated} 1-0

[Event "ICC tourney 1954 (60 10)"]
[Site "Internet Chess Club"]
[Date "2020.08.09"]
[Round "9"]
[White "srsmv"]
[Black "thihansa"]
[Result "1/2-1/2"]
[ICCResult "Game drawn by mutual agreement"]
[WhiteElo "1227"]
[BlackElo "1138"]
[Opening "French: Swiss variation"]
[ECO "C11"]
[NIC "FR.04"]
[Time "18:48:49"]
[TimeControl "3600+10"]

1. e4 e6 2. d4 d5 3. Nc3 Nf6 4. Bd3 Bb4 5. exd5 exd5 6. Nf3 Bg4 7. O-O O-O
8. Bg5 c6 9. Re1 Nbd7 10. Be2 Bxf3 11. Bxf3 Re8 12. Bg4 Be7 13. Bf3 Qc7 14.
Bh4 Bd6 15. Bg3 Bxg3 16. fxg3 Rxe1+ 17. Qxe1 Re8 18. Qd2 Qd8 19. b4 Qe7 20.
b5 Qe3+ 21. Qxe3 Rxe3 22. bxc6 bxc6 23. Ne2 Re8 24. Rb1 Rb8 25. Rxb8+ Nxb8
26. Kf2 Kf8 27. Nc3 Ke7 28. Na4 Nbd7 29. c4 Kd6 30. cxd5 cxd5 31. Ke3 Nb6
32. Nc3 Nc4+ 33. Kd3 Kc6 34. Nxd5 Nb2+ 35. Kc2 Nxd5 36. Kxb2 Kd6 37. Bxd5
Kxd5 38. Kc3 f5 39. h4 h6 40. a3 g6 41. Kd3 a6 42. Kc3 g5 43. hxg5 hxg5 44.
a4 a5 {Game drawn by mutual agreement} 1/2-1/2

[Event "ICC tourney 1954 (60 10)"]
[Site "Internet Chess Club"]
[Date "2020.08.09"]
[Round "9"]
[White "tenuun"]
[Black "SreeVSundaram"]
[Result "1-0"]
[ICCResult "Black checkmated"]
[WhiteElo "1148"]
[BlackElo "624"]
[Opening "Sicilian defense"]
[ECO "B40"]
[NIC "SI.43"]
[Time "18:49:02"]
[TimeControl "3600+10"]

1. e4 c5 2. Nf3 e6 3. Nc3 Nc6 4. Bb5 Nf6 5. Bxc6 bxc6 6. d3 Be7 7. O-O O-O
8. Ne2 Rb8 9. b3 d5 10. exd5 cxd5 11. Bg5 h6 12. Be3 d4 13. Bd2 Bd6 14. Ng3
e5 15. h3 Re8 16. Qc1 Bf8 17. Nxe5 Bb7 18. Bf4 Qd5 19. Nf3 Qc6 20. Bxb8 Rxb8
21. Qf4 Re8 22. Rfe1 Be7 23. Ne4 Nd5 24. Qf5 Nb4 25. Re2 Bc8 26. Qh5 Nd5 27.
Ne5 Qe6 28. g3 Bf6 29. Ng4 Qf5 30. Nexf6+ Nxf6 31. Nxf6+ Qxf6 32. Rxe8+ Kh7
33. Rae1 Bd7 34. R8e7 Be6 35. Rxa7 g6 36. Qxc5 Bf5 37. Qf8 Be6 38. Rxe6 Qxe6
39. Rxf7+ Qxf7 40. Qxf7+ Kh8 41. a4 g5 42. a5 h5 43. a6 g4 44. a7 gxh3 45.
a8=Q# {Black checkmated} 1-0

[Event "ICC tourney 1954 (60 10)"]
[Site "Internet Chess Club"]
[Date "2020.08.09"]
[Round "9"]
[White "mihirppatil04"]
[Black "narayan0811"]
[Result "0-1"]
[ICCResult "White checkmated"]
[WhiteElo "1221"]
[BlackElo "1071"]
[Opening "Queen's pawn: London system"]
[ECO "A45"]
[NIC "QP.07"]
[Time "18:48:45"]
[TimeControl "3600+10"]

1. d4 Nf6 2. Bf4 d5 3. e3 e6 4. Nf3 c5 5. c3 Nc6 6. Nbd2 Bd7 7. Bd3 cxd4 8.
exd4 Be7 9. O-O O-O 10. Re1 Rc8 11. Ne5 h6 12. Re3 Nxe5 13. dxe5 Nh7 14. Rg3
Bh4 15. Rh3 Bg5 16. Bxg5 Nxg5 17. Rg3 f5 18. exf6 Qxf6 19. Qe2 e5 20. Rf1
Ne6 21. Qd1 e4 22. Bc2 Bb5 23. c4 Bxc4 24. Nxc4 Rxc4 25. Bb3 Rd4 26. Qe2 Nf4
27. Qe3 Rd3 28. Qe1 Qxb2 29. Rxd3 exd3 30. Bxd5+ Nxd5 31. Qe6+ Kh8 32. Qxd5
Qe2 33. g3 d2 34. Kg2 d1=Q 35. Qxd1 Rxf2+ 36. Rxf2 Qxd1 37. h4 Qd5+ 38. Kh2
b5 39. Kg1 a5 40. Kh2 a4 41. Kh3 b4 42. Kh2 b3 43. axb3 axb3 44. Rb2 Qc4 45.
Kh3 Qc2 46. Rxb3 Qxb3 47. h5 Qf3 48. Kh4 Qf5 49. g4 g5+ 50. hxg6 Qxg6 51.
Kh3 Qg5 52. Kg2 Qxg4+ 53. Kf2 h5 54. Ke3 h4 55. Kf2 h3 56. Kf1 h2 57. Kf2
h1=Q 58. Ke3 Qge4+ 59. Kd2 Qhe1# {White checkmated} 0-1

[Event "ICC tourney 1954 (60 10)"]
[Site "Internet Chess Club"]
[Date "2020.08.09"]
[Round "9"]
[White "Justinl20202020"]
[Black "Aahilvalliani"]
[Result "0-1"]
[ICCResult "White resigns"]
[WhiteElo "1099"]
[BlackElo "771"]
[Opening "King's pawn game"]
[ECO "C50"]
[NIC "IG.03"]
[Time "19:22:58"]
[TimeControl "3600+10"]

1. e4 e5 2. Nf3 Nc6 3. Bc4 h6 4. d3 Nf6 5. O-O Bc5 6. Nc3 O-O 7. Be3 Bxe3 8.
fxe3 d6 9. h3 Be6 10. Bb3 Bxb3 11. cxb3 a6 12. d4 exd4 13. exd4 Re8 14. Re1
b5 15. d5 Ne7 16. Qe2 c6 17. dxc6 Nxc6 18. Rad1 Qe7 19. Qc2 Qa7+ 20. Kh1 Nb4
21. Qd2 Rad8 22. a3 Nc6 23. Qc2 Ne5 24. Nxe5 dxe5 25. Rxd8 Rxd8 26. Ne2 Qd7
27. Ng1 Qd2 28. Qb1 Nh5 29. Nf3 Qd6 30. Qc1 Nf4 31. Qe3 Qg6 32. Rg1 Rd1 33.
Qf2 Rxg1+ 34. Kxg1 f6 35. Nh4 Nxh3+ 36. Kh2 Nxf2 37. Nxg6 Nxe4 38. Ne7+ Kf7
39. Nf5 Kg6 40. Ne7+ Kg5 41. Nc8 Nd2 42. b4 e4 43. Kg3 Kf5 44. Kf2 Kf4 45.
Nd6 Nc4 46. b3 Nxd6 47. a4 e3+ 48. Ke2 Ne4 49. axb5 axb5 50. Kd3 Nf2+ 51.
Ke2 g5 52. g4 Nxg4 53. Kd3 Kf3 54. Kd4 e2 55. Kc5 e1=Q 56. Kxb5 Qb1 57. Ka6
Qxb3 58. Kb5 Qxb4+ 59. Kxb4 h5 60. Kc3 h4 61. Kd2 Kf2 62. Kd3 h3 63. Ke4 h2
64. Kf5 h1=Q 65. Kxg4 f5+ 66. Kxf5 Qf3+ 67. Kxg5 Kg3 68. Kg6 Kg4 69. Kh6
Qf6+ 70. Kh7 Kg5 71. Kg8 Qe7 72. Kh8 Kg6 {White resigns} 0-1

[Event "ICC tourney 1954 (60 10)"]
[Site "Internet Chess Club"]
[Date "2020.08.09"]
[Round "9"]
[White "AJRChess2011"]
[Black "ABecker755"]
[Result "1-0"]
[ICCResult "Black resigns"]
[WhiteElo "1208"]
[BlackElo "1355"]
[Opening "French: Winawer (Nimzovich) variation"]
[ECO "C15"]
[NIC "FR.08"]
[Time "18:49:49"]
[TimeControl "3600+10"]

1. e4 e6 2. d4 d5 3. Nc3 Bb4 4. Bd3 Bd7 5. Ne2 c5 6. dxc5 Bxc5 7. exd5 exd5
8. Nxd5 Qa5+ 9. Bd2 Bxf2+ 10. Kxf2 Qxd5 11. Re1 Ne7 12. Nc3 Qc5+ 13. Be3 Qe5
14. Kg1 O-O 15. Bxh7+ Kxh7 16. Bd4 Qg5 17. h4 Qxh4 18. Re4 Qg5 19. Be3 Qg6
20. Rxe7 Bc6 21. Qe2 Qf6 22. Qh5+ Kg8 23. Bg5 Qg6 24. Qxg6 fxg6 25. b4 Re8
26. Rae1 Nd7 27. Rxe8+ Rxe8 28. Rxe8+ Kf7 29. Re7+ Kf8 30. b5 Nf6 31. Bxf6
gxf6 32. Rc7 {Black resigns} 1-0

[Event "ICC tourney 1954 (60 10)"]
[Site "Internet Chess Club"]
[Date "2020.08.09"]
[Round "9"]
[White "sahithyansaran"]
[Black "traycon"]
[Result "0-1"]
[ICCResult "White checkmated"]
[WhiteElo "508"]
[BlackElo "900"]
[Opening "Réti v Dutch"]
[ECO "A04"]
[NIC "QP.11"]
[Time "19:10:20"]
[TimeControl "3600+10"]

1. Nf3 f5 2. d4 Nf6 3. c4 g6 4. Nc3 Bg7 5. e3 O-O 6. Bd3 d6 7. O-O Qe8 8.
Qb3 e6 9. c5 dxc5 10. dxc5 Nc6 11. Bc4 Na5 12. Qb4 Nxc4 13. Qxc4 c6 14. e4
b5 15. Qd3 Qd8 16. Rd1 Qxd3 17. Rxd3 fxe4 18. Nxe4 Nxe4 19. b4 Bxa1 20. Re3
Nc3 21. a3 a5 22. g3 axb4 23. axb4 Ra2 24. Kg2 Nd5 25. Rb3 e5 26. Bh6 Rf7
27. h4 e4 28. Nd2 Nc3 29. Be3 Be6 30. Rxc3 Bxc3 31. Nxe4 Bd5 32. Kh3 Bxe4
33. Kg4 Bd2 34. Bd4 h5+ 35. Kh3 Ra4 36. f4 Rxb4 37. Bf2 Rb3 38. Kh2 Bxf4 39.
gxf4 Rxf4 40. Bg3 Rb2+ 41. Kh3 Bf5# {White checkmated} 0-1

[Event "ICC tourney 1954 (60 10)"]
[Site "Internet Chess Club"]
[Date "2020.08.09"]
[Round "9"]
[White "haarim"]
[Black "meisterpatzer"]
[Result "0-1"]
[ICCResult "White resigns"]
[WhiteElo "1128"]
[BlackElo "1354"]
[Opening "French: Tarrasch, closed variation, main line"]
[ECO "C06"]
[NIC "FR.17"]
[Time "18:49:21"]
[TimeControl "3600+10"]

1. e4 e6 2. d4 d5 3. Nd2 Nf6 4. e5 Nfd7 5. Bd3 c5 6. c3 Nc6 7. Ne2 cxd4 8.
cxd4 Bb4 9. O-O O-O 10. f4 Bxd2 11. Qxd2 Qb6 12. Kh1 f6 13. Qc2 f5 14. Qc3
Qd8 15. a3 Ne7 16. Qc2 b6 17. Bd2 Bb7 18. g4 Rc8 19. Bc3 g6 20. gxf5 Nxf5
21. Rf3 Qh4 22. Rg1 Qh5 23. Rgf1 Qg4 24. Ng3 Nxd4 25. Qa4 Nxf3 26. Qxd7 Bc6
27. Qxa7 d4 {White resigns} 0-1

[Event "ICC tourney 1954 (60 10)"]
[Site "Internet Chess Club"]
[Date "2020.08.09"]
[Round "9"]
[White "sujay2010"]
[Black "thanhcaptures"]
[Result "0-1"]
[ICCResult "White checkmated"]
[WhiteElo "1366"]
[BlackElo "1191"]
[Opening "Queen's pawn, Mason variation"]
[ECO "D00"]
[NIC "QP.08"]
[Time "18:48:56"]
[TimeControl "3600+10"]

1. d4 d5 2. Bf4 Nf6 3. e3 Bf5 4. Bd3 Bxd3 5. cxd3 e6 6. Nd2 Bd6 7. Bxd6 Qxd6
8. Ngf3 O-O 9. O-O Nc6 10. e4 dxe4 11. dxe4 Qd7 12. Qa4 Rfd8 13. e5 Nd5 14.
Qd1 a6 15. Nb3 b6 16. Rc1 Nce7 17. Re1 Rac8 18. a3 Qe8 19. Re2 c5 20. dxc5
Nc3 21. Qe1 Nxe2+ 22. Qxe2 bxc5 23. Qxa6 Rc6 24. Qc4 Rc7 25. h3 Rdc8 26. Ng5
h6 27. Ne4 Qd8 28. Nd6 Rb8 29. Rc2 Nc8 30. Rd2 Nxd6 31. Rxd6 Qe7 32. Kf1
Rbc8 33. a4 Rd7 34. Qd3 Rxd6 35. Qxd6 Qc7 36. Qa6 Qc6 37. Qc4 Qd5 38. Qc2 c4
39. Nd2 Qd3+ 40. Qxd3 cxd3 41. f3 Rc2 42. Ke1 Rxb2 43. a5 Ra2 44. g3 Rxa5
45. f4 Kh7 46. Kf2 Ra3 47. Ke3 Kg6 48. g4 h5 49. Ke4 hxg4 50. hxg4 Ra4+ 51.
Ke3 Ra1 52. Kxd3 Rg1 53. g5 Kf5 54. Nf3 Rg3 55. Ke2 Kxf4 56. Nd2 Kxe5 57.
Kf2 Rc3 58. Nf3+ Kf4 59. Nd2 Rc2 60. Ke1 Ke3 61. Nf1+ Kf4 62. g6 fxg6 63.
Nd2 g5 64. Ke2 g4 65. Kd3 Ra2 66. Nb3 g3 67. Nd2 g2 68. Nf3 Kxf3 69. Kd4
g1=Q+ 70. Kc4 Qd1 71. Kc3 Rc2+ 72. Kb3 Qb1+ 73. Ka4 Ra2# {White checkmated}
0-1

[Event "ICC tourney 1954 (60 10)"]
[Site "Internet Chess Club"]
[Date "2020.08.09"]
[Round "9"]
[White "nbhate"]
[Black "viratfan"]
[Result "1-0"]
[ICCResult "Black checkmated"]
[WhiteElo "1166"]
[BlackElo "304"]
[Opening "English: Bremen, Smyslov system"]
[ECO "A22"]
[NIC "EO.11"]
[Time "18:48:45"]
[TimeControl "3600+10"]

1. c4 e5 2. Nc3 Nf6 3. g3 Bb4 4. Bg2 O-O 5. e3 c6 6. Nge2 d5 7. cxd5 cxd5 8.
d4 e4 9. O-O Nc6 10. Bd2 Be6 11. h3 Rc8 12. a3 Bd6 13. Nf4 Bxf4 14. exf4
Nxd4 15. g4 g6 16. Re1 Nc6 17. Rc1 b6 18. b4 a6 19. b5 axb5 20. Nxb5 Na5 21.
Rxc8 Qxc8 22. Bb4 Bd7 23. Nc3 Re8 24. Nxd5 Nxd5 25. Qxd5 Bc6 26. Qd2 Nb3 27.
Qe3 Nc5 28. f5 Qd8 29. Bxc5 bxc5 30. Qxc5 Qd2 31. Re3 Qd1+ 32. Kh2 Ba8 33.
Qc7 Qd4 34. h4 Kg7 35. h5 Qe5+ 36. Qxe5+ Rxe5 37. f4 Ra5 38. h6+ Kf6 39. g5+
Kxf5 40. Kg3 Ke6 41. Bxe4 Bxe4 42. Rxe4+ Kd7 43. a4 Ra6 44. Kf3 f6 45. gxf6
Rxf6 46. a5 Ra6 47. Re5 Rc6 48. Re1 Ra6 49. Re5 Rc6 50. Rb5 Kc7 51. Ke4 Rf6
52. Rd5 Kc8 53. Rd4 Kc7 54. Kd5 Ra6 55. Rc4+ Kd8 56. Ra4 Kc8 57. Kc5 Kb7 58.
Rb4+ Ka7 59. Kb5 Rf6 60. Rd4 Rf5+ 61. Kc6 Ka6 62. Rd7 Rxf4 63. Rxh7 Kxa5 64.
Kd5 g5 65. Ke6 Rh4 66. Rh8 Kb6 67. Kf6 g4 68. h7 Kb7 69. Kg7 g3 70. Rg8 g2
71. Kh8 Rh2 72. Rg7+ Kb6 73. Kg8 g1=B 74. Rxg1 Rxh7 75. Kxh7 Kc5 76. Kg6 Kd5
77. Kf5 Kd4 78. Rd1+ Ke3 79. Rd5 Ke2 80. Kf4 Kf2 81. Rd2+ Ke1 82. Ke3 Kf1
83. Kf3 Kg1 84. Rd1+ Kh2 85. Rf1 Kh3 86. Rh1# {Black checkmated} 1-0

[Event "ICC tourney 1954 (60 10)"]
[Site "Internet Chess Club"]
[Date "2020.08.09"]
[Round "9"]
[White "SukrutN"]
[Black "AlexR2007"]
[Result "1/2-1/2"]
[ICCResult "Game drawn because neither player has mating material"]
[WhiteElo "1141"]
[BlackElo "909"]
[Opening "Grünfeld defense"]
[ECO "D80"]
[NIC "GI.03"]
[Time "18:49:29"]
[TimeControl "3600+10"]

1. d4 Nf6 2. c4 g6 3. Nc3 d5 4. c5 Bg7 5. Nf3 O-O 6. Bf4 a6 7. e3 Bg4 8. Qb3
b6 9. cxb6 cxb6 10. Ne5 Be6 11. Be2 Nbd7 12. Nc6 Qe8 13. Qb4 Kh8 14. Nxe7
Ra7 15. Nc6 Ra8 16. Ne5 Nxe5 17. Bxe5 Qd8 18. O-O Ne4 19. Nxe4 dxe4 20.
Bxg7+ Kxg7 21. f4 a5 22. Qb5 Qd6 23. h3 Rfc8 24. Rfc1 Rc7 25. Rxc7 Qxc7 26.
Bg4 f5 27. Bd1 Rc8 28. Kf2 h6 29. g4 fxg4 30. Bxg4 Qc2+ 31. Be2 Bxh3 32.
Qe5+ Kf7 33. Qd5+ Be6 34. Qb7+ Qc7 35. Qxe4 Qd6 36. Bf3 Qb4 37. Kg3 Re8 38.
Rc1 Bxa2 39. Qb7+ Re7 40. Qc6 Kg7 41. Qc3 Qxc3 42. Rxc3 b5 43. Ra3 Bc4 44.
e4 a4 45. d5 Rd7 46. Bg4 Rd8 47. Kf2 Bb3 48. Ke3 h5 49. Be6 h4 50. Kd4 b4
51. Ra1 Rh8 52. Rc1 a3 53. Rc7+ Kh6 54. bxa3 bxa3 55. Ra7 a2 56. Kc3 Rb8 57.
Ra5 Rb5 58. Ra6 Rb6 59. Ra8 g5 60. fxg5+ Kxg5 61. Bf5 Kf6 62. d6 Rb8 63. Ra3
Bf7 64. d7 Ke7 65. Kc2 Rh8 66. Bh3 Rd8 67. Bg4 Rh8 68. Bh3 Rf8 69. Ra7 Bg8
70. Kd2 Rb8 71. Kc2 Bb3+ 72. Kd2 Rg8 73. Ke2 Rg3 74. Ra8 Bc4+ 75. Kf2 Rg8
76. Ra7 Rg3 77. Ra8 Rd3 78. Bf1 a1=Q 79. Rxa1 Rc3 80. Bxc4 Rxc4 81. Rd1 Kd8
82. Ke3 Rc7 83. Kf4 Rxd7 84. Rxd7+ Kxd7 85. Kg4 Ke6 86. Kxh4 Ke5 87. Kg4
Kxe4 {Game drawn because neither player has mating material} 1/2-1/2

[Event "ICC tourney 1954 (60 10)"]
[Site "Internet Chess Club"]
[Date "2020.08.09"]
[Round "9"]
[White "arjunbupeshnath"]
[Black "ayanloveschess"]
[Result "0-1"]
[ICCResult "White checkmated"]
[WhiteElo "887"]
[BlackElo "759"]
[Opening "Giuoco Pianissimo: Italian four knights variation"]
[ECO "C50"]
[NIC "IG.02"]
[Time "18:49:13"]
[TimeControl "3600+10"]

1. e4 e5 2. Nf3 Nc6 3. Bc4 Bc5 4. Nc3 Nf6 5. d3 h6 6. Be3 Bxe3 7. fxe3 d6 8.
h3 O-O 9. O-O Re8 10. Qe2 Qe7 11. d4 exd4 12. exd4 Nxe4 13. Bxf7+ Kxf7 14.
Ng5+ Kg8 15. Ngxe4 d5 16. Nxd5 Qxe4 17. Qh5 Be6 18. Nxc7 Qxd4+ 19. Kh1 Qd7
20. Nxe8 Qxe8 21. Qh4 Qd8 22. Qh5 Qd5 23. Qh4 Qc4 24. Qxc4 Bxc4 25. Rf4 Bf7
26. Rd1 Rd8 27. Rxd8+ Nxd8 28. b3 Kf8 29. Kg1 Nc6 30. Kf2 a5 31. g4 Nb4 32.
Ke2 Nxc2 33. Kd2 Nb4 34. a3 Nc6 35. b4 axb4 36. axb4 b5 37. Kc3 Kg8 38. h4
Bc4 39. g5 Ne7 40. Kd4 Nc6+ 41. Kc3 hxg5 42. hxg5 Kh7 43. Rxc4 bxc4 44. Kxc4
Nxb4 45. Kxb4 Kg6 46. Kc3 Kxg5 47. Kd3 Kf4 48. Ke2 Kg3 49. Kf1 g5 50. Kg1 g4
51. Kh1 Kf2 52. Kh2 g3+ 53. Kh3 g2 54. Kh2 g1=Q+ 55. Kh3 Qg3# {White
checkmated} 0-1

[Event "ICC tourney 1954 (60 10)"]
[Site "Internet Chess Club"]
[Date "2020.08.09"]
[Round "9"]
[White "Harper0717"]
[Black "WizardY"]
[Result "1/2-1/2"]
[ICCResult "Game drawn by mutual agreement"]
[WhiteElo "1246"]
[BlackElo "918"]
[Opening "Sicilian, Chekhover variation"]
[ECO "B53"]
[NIC "SI.02"]
[Time "18:49:29"]
[TimeControl "3600+10"]

1. e4 c5 2. Nf3 d6 3. d4 cxd4 4. Qxd4 a6 5. Qa4+ Bd7 6. Qb3 Qc7 7. Nc3 Nf6
8. Nd5 Nxd5 9. exd5 g6 10. Be3 b5 11. Bd3 Bg7 12. c3 O-O 13. O-O e6 14. dxe6
Bxe6 15. Qb4 Nc6 16. Qh4 Rab8 17. Ng5 h6 18. Nxe6 fxe6 19. Bxg6 Rf6 20. Bd3
Ne5 21. Bc2 Nc4 22. Rab1 Nxe3 23. fxe3 Rbf8 24. Rxf6 Rxf6 25. Rf1 Rxf1+ 26.
Kxf1 Qf7+ 27. Qf4 Be5 28. Qxf7+ Kxf7 29. g3 Kf6 30. Kf2 Kg5 31. Kf3 d5 32.
Bd3 Bd6 33. e4 Be5 34. exd5 exd5 35. Bh7 Kf6 36. Bg8 d4 37. cxd4 Bxd4 38. b3
a5 39. Bd5 Ke5 40. Bg8 b4 41. h3 Bc5 42. Kg4 Bf2 43. Kh5 Bxg3 44. Kxh6 Kf4
45. Kh5 Bf2 46. h4 Bg3 47. Bh7 Bf2 48. Bd3 Bg3 49. Bb5 Bf2 50. Bc4 Bg3
{Game drawn by mutual agreement}
1/2-1/2

[Event "ICC tourney 1954 (60 10)"]
[Site "Internet Chess Club"]
[Date "2020.08.09"]
[Round "9"]
[White "catseyenebula"]
[Black "ChessMstr"]
[Result "1-0"]
[ICCResult "Black resigns"]
[WhiteElo "1204"]
[BlackElo "1252"]
[Opening "English: Neo-Catalan"]
[ECO "A13"]
[NIC "RE.11"]
[Time "18:48:35"]
[TimeControl "3600+10"]

1. Nf3 d5 2. c4 e6 3. g3 Nf6 4. Bg2 c6 5. b3 Nbd7 6. O-O Bd6 7. d4 e5 8.
cxd5 cxd5 9. dxe5 Nxe5 10. Bb2 Ned7 11. Nc3 Nb6 12. a4 a5 13. Nb5 Bb8 14.
Ba3 Bd7 15. Nfd4 Nc8 16. Rc1 Be6 17. Nxe6 fxe6 18. Bh3 Kf7 19. Qc2 Nd6 20.
Nxd6+ Bxd6 21. Bxd6 Qxd6 22. Qc7+ Qe7 23. Qxe7+ Kxe7 24. Rc7+ Nd7 25. Rxb7
Rhb8 26. Rc7 Rxb3 27. Rfc1 Rb6 28. R1c6 Rxc6 29. Rxc6 Nf8 30. f4 Kd7 31. Rb6
Kc7 32. Rb5 Kc6 33. Kf2 Kd6 34. Ke3 Nd7 35. Kd4 e5+ 36. fxe5+ Kc6 37. Bxd7+
Kxd7 38. Rb7+ Ke6 39. Rxg7 Kf5 40. Rxh7 Rd8 41. Ra7 Ke6 42. Rxa5 Rb8 43. Rb5
Ra8 44. a5 Rc8 45. Rb6+ {Black resigns} 1-0

[Event "ICC tourney 1954 (60 10)"]
[Site "Internet Chess Club"]
[Date "2020.08.09"]
[Round "9"]
[White "ThanhPoertner"]
[Black "Electryon"]
[Result "0-1"]
[ICCResult "White resigns"]
[WhiteElo "938"]
[BlackElo "1378"]
[Opening "Scandinavian (center counter) defense"]
[ECO "B01"]
[NIC "SD.02"]
[Time "18:49:03"]
[TimeControl "3600+10"]

1. e4 d5 2. exd5 Qxd5 3. Nc3 Qd8 4. d4 c6 5. Nf3 Bf5 6. Be2 e6 7. Be3 Nf6 8.
O-O Be7 9. a3 Nbd7 10. Re1 O-O 11. h3 Nd5 12. Nxd5 cxd5 13. c3 a6 14. Bd3
Bxd3 15. Qxd3 b5 16. Bf4 Rc8 17. a4 Qb6 18. Ng5 g6 19. Qg3 Nf6 20. Be5 bxa4
21. Rab1 Qd8 22. Qe3 Nd7 23. h4 Nxe5 24. Qxe5 Bf6 25. Qe3 Bg7 26. f4 Qf6 27.
Qg3 h6 28. Nf3 Qf5 29. Rbc1 Qd3 30. Rcd1 Qc2 31. Rd2 Qb3 32. Ne5 a3 33. bxa3
Rxc3 34. Rd3 Rfc8 35. Ree3 Rxd3 36. Rxd3 Qb1+ 37. Kh2 Rc1 38. Qe3 Rh1+ 39.
Kg3 Bf6 40. Nxg6 Kg7 41. Ne5 Bxh4+ 42. Kg4 h5+ 43. Kxh5 Bf2+ 44. Qh3 Rxh3+
45. Rxh3 Qh7+ 46. Kg4 Qf5+ 47. Kf3 Bxd4 48. Rg3+ Kf8 49. Nd7+ Ke7 50. Ne5
Bxe5 {White resigns} 0-1